 Dungeon Crawl Stone Soup version 0.30.1 (webtiles) character file.

Game seed: 6021620330510447255

46 Bnni the Chopper (level 3, -1/33 HPs)
             Began as a Hill Orc Monk on July 8, 2023.
             Killed by nerve-wracking pain
             ... invoked by Grinder
              (12 damage)
             ... on level 3 of the Dungeon.
             The game lasted 00:01:48 (805 turns).

Bnni the Chopper (Hill Orc Monk)                     Turns: 805, Time: 00:01:49

Health: -1/33      AC: 10    Str: 15    XL:     3   Next: 68%
Magic:  3/3        EV:  7    Int: 10    God:
Gold:   66         SH:  0    Dex: 13    Spells: 2/2 levels left

rFire   . . .        g - +1 dagger (venom)
rCold   . . .        d - orb {light}
rNeg    . . .        h - +0 chain mail
rPois   .            f - +0 helmet
rElec   .            (no cloak)
rCorr   .            k - +0 pair of gloves
SInv    .            (no boots)
Will    .....        (no amulet) Stlth
                     (no ring)
HPRegen 0.25/turn    (no ring)
MPRegen 0.08/turn

%: no passive effects
@: glowing
A: no striking features
a: no special abilities


You were on level 3 of the Dungeon.
You visited 1 branch of the dungeon, and saw 3 of its levels.

You collected 66 gold pieces.

Inventory:

Hand Weapons
 a - a +0 hand axe
 g - a +1 dagger of venom (weapon)
Armour
 d - an orb of light (worn)
 f - a +0 helmet (worn)
 h - a +0 chain mail (worn)
 k - a +0 pair of gloves (worn)
Jewellery
 n - an amulet of magic regeneration
Scrolls
 b - a scroll of immolation {unknown}
 e - a scroll of teleportation {unknown}
 l - a scroll of brand weapon {unknown}
 o - a scroll of identify {unknown}
Potions
 c - a potion of ambrosia
 i - a potion of curing {unknown}
 j - a potion of attraction {unknown}
 m - a potion of berserk rage {unknown}


   Skills:
 + Level 4.3 Fighting
 * Level 5.5 Axes
 - Level 2.4 Dodging


You had 2 spell levels left.
You didn't know any spells.
Your spell library contained the following spells:

 Spells                   Type           Power      Damage    Failure   Level
 Beastly Appendage        Tmut           0%         N/A       99%         1
 Wereblood                Tmut           0%         N/A       100%        2
 Spider Form              Tmut/Pois      0%         N/A       100%        3


Dungeon Overview and Level Annotations

Branches:
Dungeon (3/15)

Altars:
Wu Jian

Annotations:
D:3 Grinder


Message History

Found a stone staircase leading down.
The endoplasm quivers.
The endoplasm moves out of view.
No target in view!
Grinder comes into view.
Grinder shouts!
A bat comes into view.
Grinder hits you.
You writhe in agony.
The bat moves out of view.
You hit Grinder.
Grinder is lightly wounded.
Grinder gestures at you. Pain shoots through your body!
You are too injured to fight recklessly!
You are too injured to fight recklessly!
Unknown command.
You are too injured to fight recklessly!
You are too injured to fight recklessly!
Okay, then.
You hit Grinder but do no damage.
Grinder is poisoned.
Grinder is lightly wounded.
Grinder gestures at you.
You suddenly lose the ability to move!
Grinder hits you but does no damage. Grinder gestures at you.
Pain shoots through your body! Grinder hits you but does no damage.
You can move again.
You hit Grinder but do no damage.
Grinder is lightly wounded.
The endoplasm barely misses you. Grinder gestures at you.
You shrug off the repeated paralysis!
Unknown command.
You hit the endoplasm.
The endoplasm is almost dead.
The endoplasm freezes you.
You are frozen.
Grinder gestures at you. Pain shoots through your body!
You die...

#.# ### #.# #
... ....
.###.###.#.####.
......(.........
.........#......
.#....#..5......
........@....#
.##...#J##.#.#
.............###
................
.......#.......#
##....>#........
###.###....##..
#. #<...# . ..
##...#


You could see Grinder (poisoned) and an endoplasm.

Vanquished Creatures
  Robin (D:2)
  2 dart slugs (D:2)
  2 ball pythons
  2 bats (D:2)
  An endoplasm (D:1)
  15 goblins
  2 hobgoblins (D:2)
  A quokka (D:1)
  A rat (D:2)
27 creatures vanquished.

Notes
Turn   | Place    | Note
-------+----------+-------------------------------------------
     0 | D:1      | Bnni the Hill Orc Monk began the quest for the Orb.
     0 | D:1      | Reached XP level 1. HP: 19/19 MP: 1/1
   205 | D:1      | You fall into a shaft and drop 1 floor!
   227 | D:2      | Reached XP level 2. HP: 27/27 MP: 2/2
   229 | D:2      | Noticed Robin
   240 | D:2      | Killed Robin
   241 | D:2      | Reached skill level 5 in Axes
   241 | D:2      | Reached XP level 3. HP: 6/33 MP: 3/3
   362 | D:2      | Found a faded altar of an unknown god.
   594 | D:2      | Found an ornate altar of the Wu Jian Council.
   796 | D:3      | Noticed Grinder
   800 | D:3      | Paralysed by Grinder for 4 turns
   805 | D:3      | Killed from afar by Grinder

Illustrated notes

Levels and vault maps discovered:
D:1:      lemuel_arrival_funnel, layout_basic, serial_forest,
          infiniplex_forest_straight_3, infiniplex_forest_clump_curved,
          infiniplex_forest_lined_ring, infiniplex_forest_end_2,
          infiniplex_forest_lined_2, infiniplex_forest_split,
          infiniplex_forest_clump_large, chequers_serial_rivers_small_a,
          minmay_pentomino_w4
D:2:      layout_rooms, dreamdust_ecumenical_altar_statues, basic_altar,
          nicolae_figureground_sparkle, uniq_robin
D:3:      layout_basic, nicolae_overflow_two_pavilions, nicolae_wormholes,
          uniq_grinder, uniq_ijyb

Skill      XL: |  1  2 |
---------------+-------+-----
Fighting       | 4 |  4.3
Axes           | 5 |  5.5
Dodging        | |  2.4

Action                     || total
---------------------------++-------
  Melee: Hand axe          ||    25
         Dagger            ||    33
 Armour: Robe              ||     6
         Chain mail        ||    24
  Dodge: Dodged            ||    31
